 Dungeon Crawl Stone Soup version 0.29.1-15-g9cfb28693d (webtiles) character file.

Game seed: 16482961517886453223

79 Eitelfritz the Slasher (level 4, -1/38 HPs)
             Began as a Minotaur Gladiator on Apr 28, 2023.
             Killed from afar by Ijyb (21 damage)
             ... with a bolt of dispelling energy
             ... on level 3 of the Dungeon.
             The game lasted 00:02:29 (2085 turns).

Eitelfritz the Slasher (Minotaur Gladiator)         Turns: 2085, Time: 00:02:30

Health: -1/38      AC:  4    Str: 19    XL:     4   Next: 17%
Magic:  3/3        EV: 12    Int:  7    God:
Gold:   119        SH:  0    Dex: 11    Spells: 3/3 levels left

rFire   . . .      SeeInvis .   a - +0 long sword
rCold   . . .      Faith    .   (no shield)
rNeg    . . .      Spirit   .   b - +0 leather armour
rPois   .          Reflect  .   c - +0 hat
rElec   .          Harm     .   p - +0 cloak
rCorr   .          Rampage  .   (no gloves)
Will    .....                   (no boots)
Stlth   +.........              (no amulet)
HPRegen 0.12/turn               (no ring)
MPRegen 0.08/turn               (no ring)

@: no status effects
A: horns 2, retaliatory headbutt
a: no special abilities


You were on level 3 of the Dungeon.
You visited 1 branch of the dungeon, and saw 3 of its levels.

You collected 119 gold pieces.

Inventory:

Hand Weapons
 a - a +0 long sword (weapon)
Missiles
 d - 3 throwing nets (quivered)
 e - a javelin
Armour
 b - a +0 leather armour (worn)
 c - a +0 hat (worn)
 p - a +0 cloak (worn)
Jewellery
 g - an amulet of magic regeneration
Scrolls
 i - 3 scrolls of teleportation {unknown}
 j - 2 scrolls of immolation {unknown}
 k - a scroll of blinking {unknown}
 m - 2 scrolls of magic mapping {unknown}
 o - a scroll of enchant weapon {unknown}
Potions
 f - 4 potions of curing {unknown}
 h - a potion of lignification {unknown}
 l - 2 potions of brilliance {unknown}
 n - 2 potions of resistance {unknown}


   Skills:
 + Level 3.1 Fighting
 + Level 4.5 Long Blades
 + Level 2.2 Throwing
 + Level 1.1 Armour
 + Level 4.1 Dodging
 + Level 0.1 Stealth


You had 3 spell levels left.
You didn't know any spells.
Your spell library contained the following spells:

 Spells                   Type           Power      Damage    Failure   Level
 Animate Armour           Summ/Erth      0%         N/A       99%         4
 Blade Hands              Tmut           0%         N/A       100%        5
 Iron Shot                Conj/Erth      0%         9d1       100%        6


Dungeon Overview and Level Annotations

Branches:
Dungeon (3/15)

Altars:
Nemelex Xobeh
Wu Jian

Shops:
D:1 [

Annotations:
D:3 Ijyb


Innate Abilities, Weirdness & Mutations

You have a pair of horns on your head.
You reflexively headbutt those who attack you in melee.


Message History

You closely miss Ijyb. Ijyb hits you but does no damage. Ijyb misses you.
You furiously retaliate!
You headbutt Ijyb. You closely miss Ijyb.
Ijyb is lightly wounded.
Ijyb hits you but does no damage.
You hit Ijyb but do no damage. You headbutt Ijyb, but do no damage.
Ijyb is lightly wounded.
Ijyb barely misses you.
You slash Ijyb! Your headbutt misses Ijyb.
Ijyb is heavily wounded.
Ijyb closely misses you. You furiously retaliate!
You headbutt Ijyb, but do no damage. You closely miss Ijyb.
Ijyb is heavily wounded.
Ijyb barely misses you. You furiously retaliate!
You headbutt Ijyb, but do no damage. You hit Ijyb but do no damage.
Ijyb is heavily wounded.
Ijyb screams, "Die!"
Ijyb closely misses you. Ijyb misses you.
You slash Ijyb!
Ijyb is severely wounded.
Ijyb zaps a wand.
The bolt of dispelling energy misses you.
You hit Ijyb but do no damage. Your headbutt misses Ijyb.
Ijyb is severely wounded.
Ijyb zaps a wand.
The bolt of dispelling energy hits you!
You hit Ijyb but do no damage.
Ijyb is severely wounded.
Ijyb barely misses you.
You barely miss Ijyb. You headbutt Ijyb, but do no damage.
Ijyb is severely wounded.
Ijyb screams, "I cut your head off!" Ijyb hits you with a +0 club!
You barely miss Ijyb. You punch Ijyb, but do no damage.
Ijyb is severely wounded.
Ijyb zaps a wand.
The bolt of dispelling energy hits you!!
Ouch! That really hurt!
You die...

. .
#####################
....................#
###################.#
## ## #######.g####.#
.# 8.8.8.8..# #.# .#
.......g.# #.# .#
.........# #.# .#
...[.....# #.# .#
.........# ### .####
.........# ....#
8.8.8.8..#


You could see Ijyb and 3 goblins.

Vanquished Creatures
  3 adders (D:2)
  2 worms
  An orc (D:3)
  4 bats
  5 endoplasms
  A giant cockroach (D:2)
  8 goblins
  2 hobgoblins
  4 jackals (D:1)
  A quokka (D:2)
  5 ball pythons
  2 frilled lizards
  2 kobolds
  3 rats
43 creatures vanquished.

Notes
Turn   | Place    | Note
-------+----------+-------------------------------------------
     0 | D:1      | Eitelfritz the Minotaur Gladiator began the quest for the
                  | Orb.
     0 | D:1      | Reached XP level 1. HP: 18/18 MP: 0/0
   116 | D:1      | Reached XP level 2. HP: 25/25 MP: 1/1
   139 | D:1      | Found Hiuviur's Armour Emporium.
   444 | D:2      | Reached XP level 3. HP: 30/30 MP: 2/2
   614 | D:2      | Found a faded altar of an unknown god.
  1642 | D:3      | Found a sparkling altar of Nemelex Xobeh.
  1644 | D:3      | Found an ornate altar of the Wu Jian Council.
  1650 | D:3      | Reached XP level 4. HP: 25/38 MP: 3/3
  1834 | D:3      | Reached skill level 1 in Armour
  2061 | D:3      | Noticed Ijyb
  2085 | D:3      | Killed from afar by Ijyb

Illustrated notes

Levels and vault maps discovered:
D:1:      spicycebolla_green_bress_n_ham_2, layout_rooms, serial_shops,
          nicolae_shop_behind_doors, corexii_hall_statues_t
D:2:      layout_basic, basic_ecumenical_altar
D:3:      kennysheep_the_goblin_king, layout_basic, general_overflow_altar,
          grunt_temple_overflow_open, chequers_avenue

Skill      XL: |  1  2  3  4 |
---------------+-------------+-----
Long Blades    | 4 |  4.5
Dodging        | 4 |  4.1
Fighting       | 3 |  3.1
Armour         | 1 |  1.1
Throwing       | |  2.2
Stealth        | |  0.1

Action                   |  1- 3 |  4- 6 || total
-------------------------+-------+-------++-------
Melee: Long sword        |    61 |    26 ||    87
       Headbutt          |    13 |     2 ||    15
       Punch             |       |     1 ||     1
 Stab: Sleeping          |     1 |       ||     1
Armor: Leather armour    |    22 |     5 ||    27
Dodge: Dodged            |    49 |    19 ||    68
